[Event "XVII MetLife Najdorf Open 2017"]
[Site "Warsaw"]
[Date "2017.07.11"]
[Round "3.61"]
[White "Othman, A  Moussa"]
[Black "Mis, Mieszko"]
[Result "0-1"]
[ECO "D12"]
[WhiteElo "2277"]
[BlackElo "2137"]
[Annotator "ChessBase"]
[PlyCount "70"]
[EventDate "2017.??.??"]
[EventType "swiss"]
[EventCountry "POL"]
[SourceTitle "playchess.com"]
[Source "ChessBase"]
[SourceQuality "1"]
[TimeControl "40/5400+30:1800+30"]

1. d4 d5 2. c4 c6 3. Nf3 Nf6 4. e3 Bf5 5. Nc3 a6 6. Bd2 e6 7. Nh4 Be4 8. f3 Bg6 9. Nxg6 hxg6 10. g3 dxc4 11. Bxc4 c5 12. dxc5 Bxc5 13. Qe2 O-O 14. Rc1 Nc6 15. Bd3 Qe7 16. Ne4 Bb4 17. O-O Bxd2 18. Nxd2 Rfd8 19. Nc4 Rac8 20. Bb1 Nd5 21. Be4 b5 22. Bxd5 exd5 23. Nb6 Nd4 24. Qf2 Rxc1 25. Rxc1 Nf5 26. Re1 Qc5 27. g4 Ne7 28. e4 d4 29. Nd5 Nxd5 30. exd5 Qxd5 31. Kg2 Qxa2 32. Re4 Qd5 33. Qd2 d3 34. Re3 Qc4 35. Kg3 Qc7+ 0-1

[Event "XVII MetLife Najdorf Open 2017"]
[Site "Warsaw"]
[Date "2017.07.11"]
[Round "3.62"]
[White "Antolak, Julia"]
[Black "Harazinska, Ewa"]
[Result "1-0"]
[ECO "C07"]
[WhiteElo "2144"]
[BlackElo "2269"]
[Annotator "ChessBase"]
[PlyCount "43"]
[EventDate "2017.??.??"]
[EventType "swiss"]
[EventCountry "POL"]
[SourceTitle "playchess.com"]
[Source "ChessBase"]
[SourceQuality "1"]
[TimeControl "40/5400+30:1800+30"]

1. e4 e6 2. d4 d5 3. Nd2 c5 4. exd5 Qxd5 5. Ngf3 cxd4 6. Bc4 Qd7 7. Nb3 Nc6 8. O-O Nf6 9. Qe2 a6 10. a4 Be7 11. Rd1 Qc7 12. Nbxd4 Bd7 13. c3 O-O 14. Bg5 Rac8 15. Bd3 Rfe8 16. Bh4 Nd5 17. Bg3 Bd6 18. Bxd6 Nxd4 19. Bxh7+ Kh8 20. Rxd4 Qxd6 21. Ng5 Qe7 22. Qh5 1-0

[Event "XVII MetLife Najdorf Open 2017"]
[Site "Warsaw"]
[Date "2017.07.11"]
[Round "3.63"]
[White "Zlatin, Alexander"]
[Black "Priyanka Nutakki"]
[Result "1/2-1/2"]
[ECO "B22"]
[WhiteElo "2259"]
[BlackElo "2104"]
[Annotator "NA"]
[PlyCount "62"]
[EventDate "2017.??.??"]
[EventType "swiss"]
[EventCountry "POL"]
[SourceTitle "playchess.com"]
[Source "ChessBase"]
[SourceQuality "1"]
[TimeControl "40/5400+30:1800+30"]

1. e4 c5 2. c3 d5 3. exd5 Qxd5 4. d4 g6 5. Nf3 Bg7 6. Be3 cxd4 7. Bxd4 Nf6 8. Na3 O-O 9. Bxf6 Qxd1+ 10. Rxd1 Bxf6 11. h3 Nc6 12. Bc4 Bf5 13. g4 Be4 14. Bd5 Bxd5 15. Rxd5 Rfd8 16. Rxd8+ Rxd8 17. Ke2 h6 18. Rd1 Rxd1 19. Kxd1 Kf8 20. Kc2 e6 21. b4 Ke7 22. Kd3 Bg7 23. Nc4 b5 24. Na3 a6 25. Nc2 Kd6 26. a3 e5 27. Ke4 Ne7 28. Ne3 Ke6 29. Nh4 Bf6 30. Nf3 Bg7 31. Nh4 Bf6 1/2-1/2

[Event "XVII MetLife Najdorf Open 2017"]
[Site "Warsaw"]
[Date "2017.07.11"]
[Round "3.64"]
[White "Fus, Jakub"]
[Black "Nowak, Lukasz"]
[Result "0-1"]
[ECO "A65"]
[WhiteElo "2103"]
[BlackElo "2327"]
[Annotator "ChessBase"]
[PlyCount "84"]
[EventDate "2017.??.??"]
[EventType "swiss"]
[EventCountry "POL"]
[SourceTitle "playchess.com"]
[Source "ChessBase"]
[SourceQuality "1"]
[TimeControl "40/5400+30:1800+30"]

1. d4 Nf6 2. c4 g6 3. Nc3 Bg7 4. e4 d6 5. f3 O-O 6. Nge2 c5 7. d5 e6 8. Ng3 exd5 9. cxd5 h5 10. Be2 a6 11. a4 Nh7 12. O-O Bd4+ 13. Rf2 Bxf2+ 14. Kxf2 h4 15. Nf1 f5 16. exf5 gxf5 17. Bf4 Qf6 18. Nd2 Nd7 19. Nc4 Ne5 20. Nb6 Rb8 21. a5 Ng5 22. Ra4 Ngf7 23. Bc1 Re8 24. Qc2 Ng6 25. f4 Nh6 26. h3 Nf8 27. Bh5 Re7 28. b3 Qg7 29. Ne2 Nh7 30. Bb2 Nf6 31. Bf3 Bd7 32. Ra1 Bb5 33. Nc4 Bxc4 34. bxc4 Rbe8 35. Bh5 Rxe2+ 36. Bxe2 Qg3+ 37. Kf1 Ne4 38. Bh5 Qe3 39. g3 Nd2+ 40. Kg2 Qxg3+ 41. Kh1 Qxh3+ 42. Kg1 Re3 0-1

[Event "XVII MetLife Najdorf Open 2017"]
[Site "Warsaw"]
[Date "2017.07.11"]
[Round "3.65"]
[White "Nguyen, Piotr"]
[Black "Selbes, Tarik"]
[Result "1-0"]
[ECO "A15"]
[WhiteElo "2444"]
[BlackElo "2260"]
[Annotator "ChessBase"]
[PlyCount "63"]
[EventDate "2017.??.??"]
[EventType "swiss"]
[EventCountry "POL"]
[SourceTitle "playchess.com"]
[Source "ChessBase"]
[SourceQuality "1"]
[TimeControl "40/5400+30:1800+30"]

1. c4 Nf6 2. g3 g6 3. Bg2 Bg7 4. Nc3 O-O 5. e4 d6 6. Nge2 c5 7. O-O Nc6 8. d3 a6 9. h3 Ne8 10. Be3 Nd4 11. a4 Rb8 12. Rb1 Nc7 13. b4 Nce6 14. Qd2 Bd7 15. Bh6 Nxe2+ 16. Nxe2 Bxh6 17. Qxh6 Bxa4 18. Rb2 Bc6 19. f4 f5 20. g4 Ng7 21. bxc5 dxc5 22. exf5 Qxd3 23. fxg6 hxg6 24. f5 Bxg2 25. Kxg2 gxf5 26. g5 Qe4+ 27. Rf3 Qe6 28. g6 Rf6 29. Nf4 Qxc4 30. Rd2 Rd6 31. Nd5 Rxd5 32. Qh7+ 1-0

[Event "XVII MetLife Najdorf Open 2017"]
[Site "Warsaw"]
[Date "2017.07.11"]
[Round "3.66"]
[White "Yelisieiev, Yevhenii"]
[Black "Walter, Szymon"]
[Result "0-1"]
[ECO "E81"]
[WhiteElo "2317"]
[BlackElo "2220"]
[Annotator "NA"]
[PlyCount "128"]
[EventDate "2017.??.??"]
[EventType "swiss"]
[EventCountry "POL"]
[SourceTitle "playchess.com"]
[Source "ChessBase"]
[SourceQuality "1"]
[TimeControl "40/5400+30:1800+30"]

1. d4 Nf6 2. c4 g6 3. f3 Bg7 4. e4 d6 5. Nc3 O-O 6. Be3 c5 7. dxc5 dxc5 8. Qxd8 Rxd8 9. Bxc5 Nc6 10. Nge2 Nd7 11. Bf2 Nde5 12. Nf4 Bh6 13. Nfd5 e6 14. Ne3 Nb4 15. Rd1 Rxd1+ 16. Nexd1 b6 17. b3 Ba6 18. Bh4 Kg7 19. Be2 Nbd3+ 20. Kf1 f6 21. Bxd3 Nxd3 22. Nf2 Rd8 23. Ng4 Bg5 24. Bxg5 fxg5 25. Ne3 h5 26. h3 Kf6 27. Kg1 Nf4 28. g3 Rd3 29. Ned1 Ne2+ 30. Nxe2 Rxd1+ 31. Kg2 Rd2 32. Kf2 Rxa2 33. Ke3 Rb2 34. Nc1 b5 35. e5+ Ke7 36. c5 b4 37. h4 gxh4 38. gxh4 Rc2 39. Kd4 Rd2+ 40. Ke4 Rd5 41. c6 Bb5 42. Na2 a5 43. Rc1 Kd8 44. c7+ Kc8 45. Kf4 Bd3 46. Rc6 Bf5 47. Rc4 Rd2 48. Nc1 Rc2 49. Rxc2 Bxc2 50. Ke3 Kxc7 51. Kd4 Kc6 52. Kc4 Bd1 53. f4 Bf3 54. Kd4 Bd5 55. Ke3 Kb5 56. Kd4 a4 57. bxa4+ Kxa4 58. Kd3 Ka3 59. Ne2 b3 60. Nc3 b2 61. Kc2 Bc6 62. Nb1+ Ka2 63. Nc3+ Ka1 64. Kd3 b1=Q+ 0-1

[Event "XVII MetLife Najdorf Open 2017"]
[Site "Warsaw"]
[Date "2017.07.11"]
[Round "3.67"]
[White "Chylewski, Patryk"]
[Black "Kujawski, Adam"]
[Result "1/2-1/2"]
[ECO "C07"]
[WhiteElo "2275"]
[BlackElo "2300"]
[Annotator "ChessBase"]
[PlyCount "138"]
[EventDate "2017.??.??"]
[EventType "swiss"]
[EventCountry "POL"]
[SourceTitle "playchess.com"]
[Source "ChessBase"]
[SourceQuality "1"]
[TimeControl "40/5400+30:1800+30"]

1. e4 e6 2. d4 d5 3. Nd2 c5 4. exd5 Qxd5 5. Ngf3 cxd4 6. Bc4 Qd6 7. O-O Nf6 8. Nb3 Nc6 9. Nbxd4 Nxd4 10. Nxd4 a6 11. Re1 Bd7 12. Bg5 O-O-O 13. Bb3 Qc5 14. Be3 Qc7 15. Qe2 Bd6 16. h3 e5 17. Nf3 Bc6 18. Nd2 Nd5 19. Bxd5 Bxd5 20. c4 Bc6 21. c5 Be7 22. Nc4 f5 23. Bf4 exf4 24. Qxe7 Kb8 25. Qxc7+ Kxc7 26. Nd6 Rhf8 27. f3 Rd7 28. b4 b6 29. Re6 Bd5 30. Re5 bxc5 31. bxc5 Kc6 32. Rd1 Bxa2 33. Ra1 Bd5 34. Rxa6+ Kxc5 35. Ra5+ Kxd6 36. Raxd5+ Kc7 37. Rxf5 Rdf7 38. Rfe5 Rb8 39. Kh2 Rb6 40. h4 g6 41. h5 gxh5 42. Rxh5 Rbf6 43. Kh3 h6 44. Rd4 Rd7 45. Rhd5 Rxd5 46. Rxd5 Kc6 47. Rd2 Rg6 48. Rd4 Rf6 49. Rd8 Kc5 50. Kg4 Rg6+ 51. Kxf4 Rxg2 52. Kf5 Rg5+ 53. Kf6 Rd5 54. Rc8+ Kd4 55. f4 Ke4 56. Rc4+ Kf3 57. f5 Kg3 58. Kg6 h5 59. f6 h4 60. f7 Rd8 61. Rc3+ Kg2 62. Kg5 Rf8 63. Rc2+ Kg3 64. Rc3+ Kg2 65. Rc2+ Kg3 66. Kf6 h3 67. Kg7 Rxf7+ 68. Kxf7 h2 69. Rxh2 Kxh2 1/2-1/2

[Event "XVII MetLife Najdorf Open 2017"]
[Site "Warsaw"]
[Date "2017.07.11"]
[Round "3.68"]
[White "Kiolbasa, Oliwia"]
[Black "Kucza, Karol"]
[Result "1/2-1/2"]
[ECO "C55"]
[WhiteElo "2253"]
[BlackElo "2297"]
[Annotator "ChessBase"]
[PlyCount "66"]
[EventDate "2017.??.??"]
[EventType "swiss"]
[EventCountry "POL"]
[SourceTitle "playchess.com"]
[Source "ChessBase"]
[SourceQuality "1"]
[TimeControl "40/5400+30:1800+30"]

1. e4 e5 2. Nf3 Nc6 3. Bc4 Nf6 4. d3 Be7 5. O-O O-O 6. Re1 d6 7. a4 Na5 8. Ba2 c5 9. c3 Nc6 10. h3 a6 11. Bg5 Nh5 12. Bd2 Be6 13. Na3 Bxa2 14. Rxa2 Rb8 15. Nc4 b5 16. axb5 axb5 17. Ne3 Nf4 18. Bc1 d5 19. Ra6 dxe4 20. dxe4 Qc8 21. Rxc6 Qxc6 22. Nf5 Qe6 23. Nxe5 Nxh3+ 24. gxh3 Qxe5 25. Qg4 g6 26. Bf4 Qe6 27. Bxb8 Rxb8 28. Nxe7+ Qxe7 29. Rd1 b4 30. Qf4 Re8 31. Rd5 b3 32. e5 Ra8 33. Qf6 Qxf6 1/2-1/2

[Event "XVII MetLife Najdorf Open 2017"]
[Site "Warsaw"]
[Date "2017.07.11"]
[Round "3.69"]
[White "Winiarski, Mikolaj"]
[Black "Godzwon, Iwo"]
[Result "1-0"]
[ECO "B35"]
[WhiteElo "2295"]
[BlackElo "2205"]
[Annotator "NA"]
[PlyCount "105"]
[EventDate "2017.??.??"]
[EventType "swiss"]
[EventCountry "POL"]
[SourceTitle "playchess.com"]
[Source "ChessBase"]
[SourceQuality "1"]
[TimeControl "40/5400+30:1800+30"]

1. e4 c5 2. Nf3 Nc6 3. d4 cxd4 4. Nxd4 g6 5. Nc3 Bg7 6. Be3 Nf6 7. Bc4 O-O 8. Bb3 d6 9. f3 Bd7 10. Qd2 Rc8 11. O-O-O Ne5 12. Kb1 Nc4 13. Bxc4 Rxc4 14. g4 h5 15. h4 Rxc3 16. bxc3 Qc7 17. Bh6 Rc8 18. Bxg7 Kxg7 19. gxh5 Nxh5 20. Kb2 Kh7 21. f4 e5 22. fxe5 dxe5 23. Nb3 Be6 24. Rhe1 a5 25. a4 b5 26. Ra1 Rb8 27. Red1 bxa4 28. Rxa4 Qb7 29. c4 Qxe4 30. Qxa5 Bf5 31. Qc3 Qxh4 32. Qxe5 Rc8 33. Rd4 Qf2 34. Rd2 Qb6 35. c5 Qb7 36. Rh2 Be6 37. Rah4 Kg8 38. Rxh5 gxh5 39. Rxh5 Kf8 40. Qd6+ Kg7 41. Qe5+ Kf8 42. Rh7 Qc7 43. Qf6 Ke8 44. Rh5 Qe7 45. Qh8+ Kd7 46. Qd4+ Kc7 47. c6 Ra8 48. Rb5 Qa3+ 49. Kc3 Kxc6 50. Rc5+ Kb7 51. Qe4+ Kb8 52. Qe5+ Kb7 53. Qc7+ 1-0

[Event "XVII MetLife Najdorf Open 2017"]
[Site "Warsaw"]
[Date "2017.07.11"]
[Round "3.70"]
[White "Kowalczyk, Rafal"]
[Black "Prithu Gupta"]
[Result "1-0"]
[ECO "C03"]
[WhiteElo "2240"]
[BlackElo "2293"]
[Annotator "ChessBase"]
[PlyCount "119"]
[EventDate "2017.??.??"]
[EventType "swiss"]
[EventCountry "POL"]
[SourceTitle "playchess.com"]
[Source "ChessBase"]
[SourceQuality "1"]
[TimeControl "40/5400+30:1800+30"]

1. e4 e6 2. d4 d5 3. Nd2 h6 4. Ngf3 Nf6 5. e5 Nfd7 6. c4 c5 7. cxd5 exd5 8. Bd3 Nc6 9. O-O c4 10. Bc2 Nb6 11. Re1 Be6 12. Nf1 Qd7 13. Ng3 g6 14. h3 Be7 15. Be3 Nb4 16. Bb1 Na4 17. Qd2 Nc6 18. Rc1 Bb4 19. Qc2 b5 20. Bd2 Be7 21. Be3 Nb6 22. Qd2 Bb4 23. Qd1 Be7 24. Qd2 g5 25. Nh5 O-O-O 26. Nh2 Kb8 27. Qe2 Qe8 28. Ng4 Qd7 29. Bc2 Nb4 30. Bb1 Rc8 31. a3 Nc6 32. Bc2 Bf5 33. Ngf6 Bxf6 34. Nxf6 Qe6 35. Bd1 Nd7 36. Nh5 Bd3 37. Qd2 f5 38. f4 Rcg8 39. b3 Ka8 40. a4 Rb8 41. axb5 Rxb5 42. bxc4 Bxc4 43. fxg5 hxg5 44. Bxg5 Qg6 45. Ng3 Rhb8 46. Bf3 Rb2 47. Qf4 Nf8 48. Rxc4 dxc4 49. Qxf5 Rb1+ 50. Rxb1 Rxb1+ 51. Kh2 Kb7 52. d5 Nd4 53. d6+ Ka6 54. Qc8+ Ka5 55. Bd2+ Rb4 56. Qc5+ Ka6 57. Qxd4 Ne6 58. Qa1+ Kb5 59. Ne2 Ng5 60. Nc3+ 1-0

[Event "XVII MetLife Najdorf Open 2017"]
[Site "Warsaw"]
[Date "2017.07.11"]
[Round "3.71"]
[White "Bus, Konrad"]
[Black "Karpus, Michal"]
[Result "1-0"]
[ECO "A05"]
[WhiteElo "2219"]
[BlackElo "2291"]
[Annotator "ChessBase"]
[PlyCount "111"]
[EventDate "2017.??.??"]
[EventType "swiss"]
[EventCountry "POL"]
[SourceTitle "playchess.com"]
[Source "ChessBase"]
[SourceQuality "1"]
[TimeControl "40/5400+30:1800+30"]

1. Nf3 Nf6 2. c4 g6 3. Nc3 d5 4. cxd5 Nxd5 5. h4 h6 6. e4 Nxc3 7. dxc3 Qxd1+ 8. Kxd1 Bg4 9. Bf4 Bxf3+ 10. gxf3 c6 11. Kc2 Nd7 12. Be3 e6 13. a4 a5 14. Rd1 h5 15. b3 Bg7 16. f4 Nf6 17. f5 Nxe4 18. fxe6 O-O 19. exf7+ Kh7 20. Rd7 b5 21. axb5 cxb5 22. Bg2 Nf6 23. Bxa8 Nxd7 24. Bc6 Rxf7 25. Bxb5 Nf6 26. Bc4 Rf8 27. Ra1 Ng4 28. Rxa5 Nxe3+ 29. fxe3 Bf6 30. Bd3 Rc8 31. c4 Kg7 32. Ra7+ Kh6 33. Ra6 Kg7 34. Ra7+ Kh6 35. Ra6 Kg7 36. b4 Bxh4 37. Rxg6+ Kf7 38. Rh6 Bg5 39. Rxh5 Bxe3 40. Rf5+ Kg7 41. c5 Rf8 42. Re5 Bd4 43. Re4 Rd8 44. Kb3 Kf6 45. Kc4 Bg1 46. Rg4 Bh2 47. b5 Ra8 48. Bc2 Ra2 49. Bb3 Ra1 50. Rg2 Be5 51. b6 Ke6 52. Re2 Rc1+ 53. Kb5+ Kf6 54. Rxe5 Kxe5 55. b7 Rb1 56. b8=Q+ 1-0

[Event "XVII MetLife Najdorf Open 2017"]
[Site "Warsaw"]
[Date "2017.07.11"]
[Round "3.72"]
[White "Kukawski, Maciej"]
[Black "Fieberg, Samuel"]
[Result "0-1"]
[ECO "B22"]
[WhiteElo "2285"]
[BlackElo "2169"]
[Annotator "ChessBase"]
[PlyCount "54"]
[EventDate "2017.??.??"]
[EventType "swiss"]
[EventCountry "POL"]
[SourceTitle "playchess.com"]
[Source "ChessBase"]
[SourceQuality "1"]
[TimeControl "40/5400+30:1800+30"]

1. e4 c5 2. c3 Nf6 3. e5 Nd5 4. Nf3 Nc6 5. Bc4 Nb6 6. Bb3 d5 7. exd6 c4 8. Bc2 e5 9. Qe2 Bxd6 10. b3 cxb3 11. axb3 O-O 12. O-O Bg4 13. b4 a6 14. b5 axb5 15. Rxa8 Nxa8 16. h3 Bh5 17. g4 Bg6 18. Bxg6 hxg6 19. Re1 Qa5 20. d4 exd4 21. cxd4 Nc7 22. Qb2 Rd8 23. Nbd2 Bf8 24. Nb3 Qb4 25. Bd2 Qc4 26. Na5 Qd5 27. Kg2 Ne6 0-1

[Event "XVII MetLife Najdorf Open 2017"]
[Site "Warsaw"]
[Date "2017.07.11"]
[Round "3.73"]
[White "Paramzina, Anastasya"]
[Black "AlHuwar, Jasem"]
[Result "0-1"]
[ECO "B06"]
[WhiteElo "2166"]
[BlackElo "2275"]
[Annotator "ChessBase"]
[PlyCount "62"]
[EventDate "2017.??.??"]
[EventType "swiss"]
[EventCountry "POL"]
[SourceTitle "playchess.com"]
[Source "ChessBase"]
[SourceQuality "1"]
[TimeControl "40/5400+30:1800+30"]

1. e4 g6 2. d4 Bg7 3. Nc3 d6 4. Be3 c6 5. Qd2 Nd7 6. h4 h5 7. O-O-O b5 8. f3 Qa5 9. Kb1 Nb6 10. Nce2 Qa6 11. Nf4 Nc4 12. Bxc4 bxc4 13. Qb4 Qb5 14. Qxb5 cxb5 15. Ngh3 e6 16. Ng5 Ne7 17. d5 e5 18. Ne2 Bd7 19. b3 O-O 20. Rhg1 Rfc8 21. g4 hxg4 22. fxg4 cxb3 23. cxb3 b4 24. Rdf1 f6 25. Ne6 Bb5 26. Rf2 Bd3+ 27. Ka1 Bxe4 28. h5 Nxd5 29. Bd2 Rc2 30. Ng3 Bd3 31. Rc1 Rac8 0-1

[Event "XVII MetLife Najdorf Open 2017"]
[Site "Warsaw"]
[Date "2017.07.12"]
[Round "4.14"]
[White "Das, Sayantan"]
[Black "Cheparinov, Ivan"]
[Result "1/2-1/2"]
[ECO "B48"]
[WhiteElo "2399"]
[BlackElo "2703"]
[Annotator "RC"]
[PlyCount "90"]
[EventDate "2017.??.??"]
[EventType "swiss"]
[EventCountry "POL"]
[SourceTitle "playchess.com"]
[Source "ChessBase"]
[SourceQuality "1"]
[TimeControl "40/5400+30:1800+30"]

1. e4 c5 2. Nf3 e6 3. d4 cxd4 4. Nxd4 Nc6 5. Nc3 Qc7 6. Be3 a6 7. Qd2 Nf6 8. O-O-O Be7 9. f3 b5 10. Nxc6 dxc6 11. Qf2 e5 12. Bb6 Qb7 13. Bc5 O-O 14. Bd6 Bxd6 15. Rxd6 Ne8 16. Rd2 Qa7 17. Qxa7 Rxa7 18. Be2 Nc7 19. Rhd1 Ne6 20. Bf1 Re8 21. Re1 g6 22. Nd1 h5 23. Ne3 Kf8 24. c3 Ke7 25. h4 a5 26. Nd1 Nc5 27. Nf2 Be6 28. Kb1 b4 29. Rc1 b3 30. a3 Rd7 31. Rxd7+ Nxd7 32. Re1 f5 33. f4 Kf8 34. Kc1 exf4 35. Nd3 Bf7 36. exf5 Rxe1+ 37. Nxe1 gxf5 38. Be2 Ne5 39. Kd2 Ke7 40. Nd3 Nxd3 41. Kxd3 Kd6 42. Bf3 Kc5 43. Kd2 Kd6 44. Kd3 Kc5 45. Kd2 Kd6 1/2-1/2

[Event "XVII MetLife Najdorf Open 2017"]
[Site "Warsaw"]
[Date "2017.07.12"]
[Round "4.20"]
[White "Riff, Jean-Noel"]
[Black "Teclaf, Pawel"]
[Result "1/2-1/2"]
[ECO "B84"]
[WhiteElo "2493"]
[BlackElo "2372"]
[Annotator "ChessBase"]
[PlyCount "82"]
[EventDate "2017.??.??"]
[EventType "swiss"]
[EventCountry "POL"]
[SourceTitle "playchess.com"]
[Source "ChessBase"]
[SourceQuality "1"]
[TimeControl "40/5400+30:1800+30"]

1. e4 c5 2. Nf3 d6 3. d4 cxd4 4. Nxd4 Nf6 5. Nc3 a6 6. Be2 e6 7. O-O Be7 8. f4 O-O 9. Kh1 Nc6 10. Be3 Qc7 11. a4 Re8 12. Bd3 Nb4 13. a5 Bd7 14. Qf3 Rac8 15. Qg3 Nh5 16. Qf3 Nf6 17. g4 Bc6 18. f5 exf5 19. Nxf5 d5 20. Nxg7 dxe4 21. Nxe4 Nxe4 22. Bxe4 Bxe4 23. Qxe4 Qxh2+ 24. Kxh2 Bd6+ 25. Bf4 Rxe4 26. Bxd6 Rxc2+ 27. Kg3 Kxg7 28. Rf5 Rcc4 29. Raf1 Rxg4+ 30. Kh3 Rh4+ 31. Kg2 f6 32. Rxf6 Nd5 33. Rf7+ Kg6 34. R1f3 Rc2+ 35. Kg1 Rg4+ 36. Kh1 Rh4+ 37. Kg1 Rg4+ 38. Kh1 Re4 39. Bg3 Rxb2 40. Rf8 Rb1+ 41. Kh2 h5 1/2-1/2

[Event "XVII MetLife Najdorf Open 2017"]
[Site "Warsaw"]
[Date "2017.07.12"]
[Round "4.21"]
[White "Annaberdiev, Meilis"]
[Black "Zylka, Stanislaw"]
[Result "1/2-1/2"]
[ECO "B48"]
[WhiteElo "2485"]
[BlackElo "2368"]
[Annotator "ChessBase"]
[PlyCount "116"]
[EventDate "2017.??.??"]
[EventType "swiss"]
[EventCountry "POL"]
[SourceTitle "playchess.com"]
[Source "ChessBase"]
[SourceQuality "1"]
[TimeControl "40/5400+30:1800+30"]

1. Nf3 c5 2. e4 e6 3. d4 cxd4 4. Nxd4 Nc6 5. Nc3 Qc7 6. Be3 a6 7. Qd2 Nf6 8. O-O-O Bb4 9. f3 Ne5 10. Kb1 Bxc3 11. Qxc3 Qxc3 12. bxc3 d5 13. exd5 Nxd5 14. Bd2 Nb6 15. Nb3 Nec4 16. Bc1 Bd7 17. Bxc4 Nxc4 18. Rd4 b5 19. Rhd1 Bc6 20. Rg4 g6 21. Bh6 Ke7 22. Rf4 Rhc8 23. Bg5+ Ke8 24. Rh4 h5 25. Nd4 Bd5 26. g4 Ne5 27. Rf1 Rxc3 28. gxh5 gxh5 29. Rxh5 Nxf3 30. Nxf3 Rxf3 31. Rxf3 Bxf3 32. Rh8+ Kd7 33. Rh7 Ke8 34. Rh8+ Kd7 35. Rh7 Rf8 36. Bf6 Be4 37. Rh4 Bf5 38. Rd4+ Kc6 39. Be5 Rg8 40. Bg3 a5 41. Rd6+ Kc5 42. Rd7 f6 43. Rf7 Rd8 44. Kc1 Rc8 45. Rc7+ Rxc7 46. Bxc7 Bg4 47. Bxa5 e5 48. Kd2 f5 49. Bc7 Kd4 50. c3+ Kd5 51. c4+ bxc4 52. a4 f4 53. a5 Ke4 54. a6 Bc8 55. a7 Bb7 56. h4 Kf5 57. h5 Kg5 58. Bxe5 Kxh5 1/2-1/2

[Event "XVII MetLife Najdorf Open 2017"]
[Site "Warsaw"]
[Date "2017.07.12"]
[Round "4.23"]
[White "Martin, Julian"]
[Black "Prasanna Raghuram Rao"]
[Result "0-1"]
[ECO "B47"]
[WhiteElo "2332"]
[BlackElo "2466"]
[Annotator "ChessBase"]
[PlyCount "76"]
[EventDate "2017.??.??"]
[EventType "swiss"]
[EventCountry "POL"]
[SourceTitle "playchess.com"]
[Source "ChessBase"]
[SourceQuality "1"]
[TimeControl "40/5400+30:1800+30"]

1. e4 c5 2. Nf3 e6 3. d4 cxd4 4. Nxd4 Nc6 5. Nc3 Qc7 6. g3 a6 7. Bg2 h5 8. a3 Nf6 9. Nf3 Be7 10. Bf4 d6 11. Qe2 Ne5 12. O-O b5 13. Rad1 Bb7 14. Nxe5 dxe5 15. Bg5 Bc5 16. Rd3 Bc6 17. b4 Be7 18. Rfd1 Bb7 19. Na2 Rc8 20. Rc3 Qb8 21. Rdd3 Rxc3 22. Nxc3 Qc7 23. h4 Bc6 24. Nb1 Ng4 25. Bxe7 Qxe7 26. Rc3 Qb7 27. Nd2 O-O 28. Nb3 Qb6 29. Nc5 a5 30. Bf3 axb4 31. axb4 Qa7 32. Nb3 Ba8 33. Bxg4 hxg4 34. Qxb5 Bxe4 35. Qxe5 Bd5 36. Re3 Rc8 37. Nc5 Qa2 38. c3 f6 0-1

[Event "XVII MetLife Najdorf Open 2017"]
[Site "Warsaw"]
[Date "2017.07.12"]
[Round "4.24"]
[White "Thybo, Jesper Sondergaard"]
[Black "Spitzl, Vinzent"]
[Result "1-0"]
[ECO "A14"]
[WhiteElo "2465"]
[BlackElo "2348"]
[Annotator "ChessBase"]
[PlyCount "165"]
[EventDate "2017.??.??"]
[EventType "swiss"]
[EventCountry "POL"]
[SourceTitle "playchess.com"]
[Source "ChessBase"]
[SourceQuality "1"]
[TimeControl "40/5400+30:1800+30"]

1. c4 e6 2. Nf3 Nf6 3. g3 d5 4. Bg2 Be7 5. O-O O-O 6. d4 dxc4 7. Qc2 a6 8. a4 Bd7 9. Rd1 Bc6 10. Bg5 Nbd7 11. Nbd2 b5 12. b3 c3 13. Qxc3 Bb7 14. Bxf6 Nxf6 15. axb5 axb5 16. Rxa8 Bxa8 17. Qd3 Qb8 18. e4 c5 19. e5 Nd7 20. Ne4 c4 21. bxc4 bxc4 22. Qe2 Rc8 23. Rc1 Ba3 24. Rc2 Qb3 25. h4 Bd5 26. Nfg5 h6 27. Nh3 c3 28. Nf4 Nb6 29. Nh5 Bxe4 30. Bxe4 Bf8 31. Bd3 Qd5 32. Qg4 Nd7 33. Be4 Qb5 34. Nf4 Qb6 35. Nh5 Qb5 36. Nf4 Qb6 37. Ne2 f5 38. exf6 Nxf6 39. Qg6 Nxe4 40. Qxe4 Qc6 41. Qxc6 Rxc6 42. Rxc3 Rxc3 43. Nxc3 g6 44. Kg2 Bg7 45. Ne2 Kf7 46. Kf3 h5 47. Ke4 Kf6 48. Nf4 Bf8 49. Nd3 Bd6 50. Nc5 Ke7 51. Nd3 Kf6 52. Ne5 Bb4 53. Nd7+ Ke7 54. Nc5 Kf6 55. Nd7+ Ke7 56. Nb6 Be1 57. Ke3 Bb4 58. Nc4 Kf6 59. Kf4 Bc3 60. Ke4 Be1 61. Ke3 Bb4 62. Ne5 Bd6 63. Ke4 Bb4 64. Nd3 Bd6 65. Nf4 Bf8 66. f3 Bd6 67. Ne2 Bb4 68. Kd3 Bd6 69. g4 hxg4 70. fxg4 Bb4 71. Ng1 Be1 72. Nf3 Bg3 73. Ke4 Bd6 74. g5+ Kg7 75. Kd3 Bg3 76. Kc4 Bf2 77. Kc5 Be3 78. Kd6 Kf7 79. Ne5+ Kg7 80. Nc6 Bf4+ 81. Kxe6 Bg3 82. Ne5 Bxh4 83. Nf7 1-0

[Event "XVII MetLife Najdorf Open 2017"]
[Site "Warsaw"]
[Date "2017.07.12"]
[Round "4.25"]
[White "Prince, Bajaj"]
[Black "Sundararajan, Kidambi"]
[Result "1/2-1/2"]
[ECO "B14"]
[WhiteElo "2344"]
[BlackElo "2444"]
[Annotator "RC"]
[PlyCount "33"]
[EventDate "2017.??.??"]
[EventType "swiss"]
[EventCountry "POL"]
[SourceTitle "playchess.com"]
[Source "ChessBase"]
[SourceQuality "1"]
[TimeControl "40/5400+30:1800+30"]

1. e4 c6 2. d4 d5 3. exd5 cxd5 4. c4 Nf6 5. Nc3 e6 6. Nf3 Bb4 7. cxd5 Nxd5 8. Bd2 Nc6 9. Bd3 O-O 10. O-O Nf6 11. Bg5 h6 12. Bh4 Be7 13. Rc1 Nh5 14. Bxe7 Nxe7 15. Ne5 Nf6 16. Ne4 Ned5 17. Qf3 1/2-1/2

[Event "XVII MetLife Najdorf Open 2017"]
[Site "Warsaw"]
[Date "2017.07.12"]
[Round "4.26"]
[White "Jarmula, Lukasz"]
[Black "Eggink, Ryszard"]
[Result "1-0"]
[ECO "B92"]
[WhiteElo "2444"]
[BlackElo "2322"]
[Annotator "ChessBase"]
[PlyCount "53"]
[EventDate "2017.??.??"]
[EventType "swiss"]
[EventCountry "POL"]
[SourceTitle "playchess.com"]
[Source "ChessBase"]
[SourceQuality "1"]
[TimeControl "40/5400+30:1800+30"]

1. e4 c5 2. Nf3 d6 3. d4 cxd4 4. Nxd4 Nf6 5. Nc3 a6 6. Be2 e5 7. Nb3 Be7 8. Be3 O-O 9. g4 Nbd7 10. g5 Ne8 11. h4 b5 12. Nd5 Bb7 13. Qd2 Rc8 14. O-O-O Bxd5 15. exd5 Nb6 16. Na5 Nxd5 17. Qxd5 Qxa5 18. Bd3 Nc7 19. Qe4 g6 20. h5 Qa4 21. Qg2 Ne6 22. hxg6 Nf4 23. Bxf4 Qxf4+ 24. Kb1 fxg6 25. Rxh7 Rf7 26. Rh6 Qf3 27. Rdh1 1-0

[Event "XVII MetLife Najdorf Open 2017"]
[Site "Warsaw"]
[Date "2017.07.12"]
[Round "4.27"]
[White "Saeed, Ishaq"]
[Black "Zaleski, Lukasz"]
[Result "1-0"]
[ECO "E16"]
[WhiteElo "2428"]
[BlackElo "2220"]
[Annotator "ChessBase"]
[PlyCount "59"]
[EventDate "2017.??.??"]
[EventType "swiss"]
[EventCountry "POL"]
[SourceTitle "playchess.com"]
[Source "ChessBase"]
[SourceQuality "1"]
[TimeControl "40/5400+30:1800+30"]

1. d4 Nf6 2. c4 e6 3. Nf3 b6 4. g3 Bb7 5. Bg2 Bb4+ 6. Bd2 Bxd2+ 7. Qxd2 O-O 8. O-O d6 9. Qd3 Be4 10. Qe3 Nbd7 11. Nc3 Bb7 12. Qd3 Re8 13. e4 e5 14. Rfe1 exd4 15. Qxd4 a5 16. Rad1 Nc5 17. Nh4 g6 18. f4 Nh5 19. Nf3 Qf6 20. e5 dxe5 21. fxe5 Qd8 22. Qe3 Qc8 23. Nd5 Bxd5 24. cxd5 Qd7 25. Qh6 f6 26. d6 Qg7 27. Qxg7+ Nxg7 28. d7 Red8 29. exf6 Nge6 30. Ne5 1-0